 Dungeon Crawl Stone Soup version 0.29.1-15-g9cfb28693d (webtiles) character file.

Game seed: 4740709054196283195

270 venomsnake the Trooper (level 6, -14/85 HPs)
             Began as a Minotaur Berserker on Mar 24, 2023.
             Was a Priest of Trog.
             Demolished by an ogre
             ... wielding a +0 giant club
              (27 damage)
             ... on level 4 of the Dungeon.
             The game lasted 00:13:38 (4389 turns).

venomsnake the Trooper (Minotaur Berserker)         Turns: 4389, Time: 00:13:39

Health: -14/85     AC: 10    Str: 23    XL:     6   Next: 1%
Magic:  5/5        EV:  9    Int:  4    God:    Trog [***...]
Gold:   113        SH:  0    Dex: 10    Spells: 5/5 levels left

rFire   . . .      SeeInvis .   i - +0 war axe
rCold   . . .      Faith    .   (no shield)
rNeg    + + .      Spirit   .   b - +1 chain mail {rN+}
rPois   .          Reflect  .   (helmet restricted)
rElec   .          Harm     .   (no cloak)
rCorr   .          Rampage  .   (no gloves)
Will    .....                   (no boots)
Stlth   ..........              (no amulet)
HPRegen 0.24/turn               w - ring of positive energy
MPRegen 0.09/turn               (no ring)

@: berserking, very quick
A: horns 2, retaliatory headbutt
a: Renounce Religion, Berserk, Trog's Hand


You were on level 4 of the Dungeon.
You worshipped Trog.
Trog was most pleased with you.
You visited 1 branch of the dungeon, and saw 4 of its levels.

You collected 113 gold pieces.

Inventory:

Hand Weapons
 i - a +0 war axe (weapon)
Missiles
 j - 8 javelins (quivered)
 o - 5 boomerangs
 v - 12 stones
Armour
 b - a +1 chain mail of positive energy (worn)
Jewellery
 w - a ring of positive energy (left hand)
 B - an amulet of faith
Scrolls
 a - 2 scrolls of teleportation {unknown}
 g - 5 scrolls of identify {unknown}
 h - 2 scrolls of fear {unknown}
 l - a scroll of fog {unknown}
 m - a scroll of brand weapon {unknown}
 n - a scroll of acquirement {unknown}
 r - 2 scrolls of vulnerability {unknown}
 x - 2 scrolls of torment {unknown}
 y - a scroll of immolation {unknown}
 A - a scroll of enchant armour {unknown}
Potions
 c - 3 potions of brilliance {unknown}
 d - 2 potions of degeneration {unknown}
 e - 2 potions of cancellation {unknown}
 f - 2 potions of curing {unknown}
 k - a potion of heal wounds {unknown}
 p - 2 potions of mutation {unknown}
 q - a potion of attraction {unknown}
 s - 2 potions of might {unknown}
 t - a potion of lignification {unknown}
 u - 2 potions of ambrosia {unknown}
 z - a potion of flight {unknown}


   Skills:
 * Level 5.8 Fighting
 + Level 4.9 Axes
 + Level 4.0 Armour
 + Level 3.6 Dodging


You had 5 spell levels left.
You didn't know any spells.
Your spell library was empty.

Dungeon Overview and Level Annotations

Branches:
Dungeon (4/15)
 Temple: D:4-7

Altars:
Cheibriados
Fedhas


Innate Abilities, Weirdness & Mutations

You have a pair of horns on your head.
You reflexively headbutt those who attack you in melee.


Message History

The worm bites you.
You hit the worm but do no damage.
You headbutt the worm, but do no damage.
The worm is lightly wounded.
The worm bites you.
Your unstable footing causes you to fumble your attack.
Your unstable footing causes you to fumble your attack.
The worm closely misses you. You furiously retaliate!
You headbutt the worm. You slash the worm!
You kill the worm!
Trog accepts your kill.
You see here a worm corpse.
There is a snail-covered altar of Cheibriados here.
You start resting.
HP restored.
You see here a worm corpse.
You enter the shallow water.
Moving in this stuff is going to be slow.
There is an open door here.
You open the door.
An ogre comes into view. It is wielding a +0 giant club.
The ogre shouts!
You barely miss the ogre. The ogre barely misses you. You furiously retaliate!
You headbutt the ogre! You barely miss the ogre.
The ogre is moderately wounded.
The ogre hits you with a +0 giant club!
You hit the ogre.
The ogre is moderately wounded.
You barely miss the ogre.
The ogre is moderately wounded.
The ogre hits you with a +0 giant club!
You slash the ogre! Your headbutt misses the ogre.
The ogre is severely wounded.
The ogre hits you with a +0 giant club!!
* * * LOW HITPOINT WARNING * * *
A red film seems to cover your vision as you go berserk!
You feel yourself moving faster!
You feel mighty!
The ogre hits you with a +0 giant club!!
You die...

#...##.......##
#...##.......##########
....##.......##.......# .
.....#................# ..
.....+................# ...
.....#................# ....
.............##.##....# .....
.#####.#####.#####....#......
.#⌠~~#'#~~⌠#....@O....'......
.#~~~~~~~~~#..........#......
.#~~~###~~~#..........# .....
.##~##.##~##.##########. ....
..#~#._.#~#...#......... ...
.##~##†##~##..#......... ..
.#~~~#~#~~~#..#......... .
.#~~~~~~~~~#..'.........
.#⌠~~###~~⌠#..#..†......


You could see an ogre.

Vanquished Creatures
  A scorpion (D:4)
  An orc priest (D:3)
  4 adders
  2 worms
  A dart slug (D:2)
  14 orcs
  14 endoplasms
  5 giant cockroaches
  6 goblins
  10 hobgoblins
  8 jackals
  7 quokkas
  7 ball pythons
  10 bats
  4 frilled lizards
  7 kobolds
  13 rats
114 creatures vanquished.

Notes
Turn   | Place    | Note
-------+----------+-------------------------------------------
     0 | D:1      | venomsnake the Minotaur Berserker began the quest for the
                  | Orb.
     0 | D:1      | Reached XP level 1. HP: 19/19 MP: 0/0
   221 | D:1      | Reached XP level 2. HP: 23/27 MP: 1/1
   223 | D:1      | Reached skill level 4 in Fighting
   584 | D:1      | Found a faded altar of an unknown god.
   768 | D:1      | Reached XP level 3. HP: 25/33 MP: 2/2
   844 | D:1      | Reached ** piety under Trog
  1856 | D:2      | Reached XP level 4. HP: 39/41 MP: 3/3
  2728 | D:3      | Found a blossoming altar of Fedhas.
  2742 | D:3      | Reached *** piety under Trog
  2982 | D:3      | Reached skill level 5 in Fighting
  3118 | D:3      | Reached XP level 5. HP: 45/48 MP: 4/4
  4191 | D:4      | Reached XP level 6. HP: 51/57 MP: 5/5
  4267 | D:4      | Found a snail-covered altar of Cheibriados.
  4389 | D:4      | Demolished by an ogre

Illustrated notes

Levels and vault maps discovered:
D:1:      dpeg_arrival_more_subterranean_lakeside_camping, layout_loops_corners,
          shapermc_ecumenical_altar_venn, minmay_pentomino_w4
D:2:      kennysheep_six_static_rooms, layout_basic
D:3:      layout_basic, fedhas_altar_2
D:4:      layout_gridville, cheibrodos_worm_habitat

Skill      XL: |  1  2  3  4  5 |
---------------+----------------+-----
Fighting       | 4 5 |  5.8
Axes           | 4 |  4.9
Armour         | 3 4 |  4.0
Dodging        | 3 |  3.6

Action                   |  1- 3 |  4- 6 || total
-------------------------+-------+-------++-------
Melee: Hand axe          |    57 |       ||    57
       Headbutt          |    17 |    12 ||    29
       War axe           |    49 |   125 ||   174
       Punch             |       |     2 ||     2
Invok: Berserk           |       |     1 ||     1
Armor: Ring mail         |     7 |       ||     7
       Chain mail        |    35 |    69 ||   104
       Animal skin       |     2 |       ||     2
Dodge: Dodged            |    52 |    70 ||   122
